 Dungeon Crawl Stone Soup version 0.19.1-1-g22dce08 (webtiles) character file.

1169 M4edhros the Cleaver (level 8, -1/71 HPs)
             Began as a Minotaur Berserker on Dec 31, 2016.
             Was a Priest of Trog.
             Slain by an orc
             ... wielding a cursed -3 mace
              (4 damage)
             ... on level 7 of the Dungeon.
             The game lasted 00:02:41 (3056 turns).

M4edhros the Cleaver (Minotaur Berserker)           Turns: 3056, Time: 00:02:42

Health: -1/71      AC:  4    Str: 21    XL:     8   Next: 17%
Magic:  7/7        EV: 14    Int:  6    God:    Trog [***...]
Gold:   320        SH:  0    Dex: 13    Spells: 0 memorised, 7 levels left

rFire  + . .     SeeInvis .     a - +0 hand axe
rCold  + . .     Gourm    .     b - +0 animal skin
rNeg   . . .     Faith    .     (no shield)
rPois  +         Spirit   .     (helmet restricted)
rElec  +         Reflect  .     (no cloak)
rCorr  +         Harm     .     (no gloves)
MR     .....                    (no boots)
Stlth  +.........               (no amulet)
                                (no ring)
                                (no ring)

@: exhausted, resistant, slowed, very slow
A: retaliatory headbutt, horns 2, icy blue scales 1, clever 1, screaming 1
a: Berserk, Trog's Hand, Burn Spellbooks, Renounce Religion


You were on level 7 of the Dungeon.
You worshipped Trog.
Trog was most pleased with you.
You were very hungry.

You visited 1 branch of the dungeon, and saw 7 of its levels.

You collected 320 gold pieces.

Inventory:

Hand Weapons
 a - a +0 hand axe (weapon)
Armour
 b - a +0 animal skin (worn)
 r - a +0 large shield
Jewellery
 j - an uncursed amulet of guardian spirit {unknown}
Scrolls
 d - 3 scrolls of teleportation {unknown}
 f - a scroll of summoning {unknown}
 g - 3 scrolls of remove curse {unknown}
 h - a scroll of amnesia {unknown}
 k - a scroll of blinking {unknown}
 m - a scroll of magic mapping {unknown}
 n - 4 scrolls of identify {unknown}
 o - 5 scrolls of fear {unknown}
 s - 2 scrolls of immolation {unknown}
 v - a scroll of random uselessness {unknown}
Potions
 e - 2 potions of agility {unknown}
 i - a potion of heal wounds {unknown}
 p - a potion of invisibility {unknown}
 q - a potion of resistance
Comestibles
 c - 7 bread rations
 l - a beef jerky
 w - 2 meat rations


   Skills:
 + Level 6.4 Fighting
 * Level 8.2 Axes
 + Level 5.8 Armour
 + Level 5.0 Dodging


You had 7 spell levels left.
You didn't know any spells.

Dungeon Overview and Level Annotations

Branches:
Dungeon (7/15)             Temple (0/1) D:4

Altars:
Fedhas
Kikubaaqudgha
Okawaru
Zin

Portals:
Ossuary: D:5


Innate Abilities, Weirdness & Mutations

You reflexively headbutt those who attack you in melee.
You have a pair of horns on your head.
You are partially covered in icy blue scales. (AC +2)
Your mind is acute. (Int +2)
You occasionally shout uncontrollably at your foes.


Message History

The orc closely misses you. The howler monkey barely misses you.
The orc priest mumbles some strange prayers to Beogh against you.
Beogh smites you!
* * * LOW HITPOINT WARNING * * *
You hear a croak.
You are too injured to fight recklessly!
You are too injured to fight recklessly!
Unknown command.
Unknown command.
Unknown command.
Okay, then.
You aren't carrying any items that you can evoke.
Unknown command.
Okay, then.
It was a potion of resistance.
You feel protected. The howler monkey misses you. You furiously retaliate!
You headbutt the howler monkey. The orc warrior misses you.
The orc hits you with an enchanted mace.
You die...

#..... ##.....
.# ......###.#
...o.S##.# .
#..$.##.#
...#..ho##.#
#....oo)..#
#.....@h..#####
...........#...#
.........))#.#.#
.........).).#.#
..........####.#
..######### #.#
. #.# #.########
#........#


You could see an orc warrior, 2 howler monkeys, an orc priest, an adder and 2
orcs.

Vanquished Creatures
  The ghost of RedPan the Slasher, an amateur DsGl (D:4)
  2 orc warriors
  An ice beast (D:5)
  2 phantoms
  A centaur (D:6)
  A crimson imp (D:6)
  A bullfrog zombie (D:5)
  2 hounds
  A bullfrog skeleton (D:5)
  2 orc priests
  3 orc wizards (D:6)
  2 iguanas
  A worker ant (D:6)
  A hound zombie (D:5)
  A mummy (D:5)
  2 howler monkey zombies
  An adder (D:6)
  A shadow imp (D:6)
  An adder zombie (D:5)
  2 worms
  2 dart slugs (D:1)
  4 leopard geckos (D:6)
  13 orcs
  A ball python (D:3)
  4 bats
  7 giant cockroaches
  3 goblins
  3 hobgoblins
  5 jackals
  2 quokkas (D:5)
  2 frilled lizards
  4 kobolds
  5 rats
  A rat zombie (D:3)
85 creatures vanquished.

Notes
Turn   | Place    | Note
-------+----------+-------------------------------------------
     0 | D:1      | M4edhros the Minotaur Berserker began the quest for the Orb.
     0 | D:1      | Reached XP level 1. HP: 19/19 MP: 0/0
   250 | D:1      | Reached XP level 2. HP: 27/27 MP: 1/1
   321 | D:1      | Reached skill level 4 in Axes
   972 | D:2      | Reached XP level 3. HP: 28/33 MP: 2/2
  1089 | D:3      | Found a blossoming altar of Fedhas.
  1182 | D:3      | Reached ** piety under Trog
  1339 | D:3      | Found an ancient bone altar of Kikubaaqudgha.
  1621 | D:4      | Noticed RedPan's ghost (amateur DsGl)
  1628 | D:4      | Killed RedPan's ghost
  1628 | D:4      | Reached skill level 5 in Axes
  1628 | D:4      | Reached XP level 4. HP: 41/41 MP: 3/3
  1628 | D:4      | Reached XP level 5. HP: 47/47 MP: 4/4
  1645 | D:4      | Found a staircase to the Ecumenical Temple.
  1673 | D:4      | Noticed a phantom
  1694 | D:4      | Killed a phantom
  1694 | D:4      | Reached skill level 5 in Fighting
  1694 | D:4      | Reached XP level 6. HP: 40/56 MP: 5/5
  1796 | D:5      | Entered Level 5 of the Dungeon
  1839 | D:5      | Reached skill level 6 in Axes
  1913 | D:5      | Found an iron altar of Okawaru.
  1958 | D:5      | Noticed an ice beast
  1967 | D:5      | Killed an ice beast
  2000 | D:5      | Found a sand-covered staircase.
  2004 | D:5      | Gained mutation: You occasionally shout uncontrollably at your foes. [potion of mutation]
  2004 | D:5      | Gained mutation: Your mind is acute. (Int +2) [potion of mutation]
  2004 | D:5      | Gained mutation: You are agile. (Dex +2) [potion of mutation]
  2005 | D:5      | Gained mutation: You are partially covered in icy blue scales. (AC +2) [potion of mutation]
  2005 | D:5      | Lost mutation: You are agile. (Dex +2) [potion of mutation]
  2298 | D:5      | Reached XP level 7. HP: 59/61 MP: 6/6
  2360 | D:6      | Reached skill level 7 in Axes
  2360 | D:6      | Reached skill level 5 in Armour
  2626 | D:6      | Reached *** piety under Trog
  2638 | D:6      | Reached XP level 8. HP: 29/70 MP: 7/7
  2847 | D:6      | Found a glowing drain.
  2968 | D:6      | Found a glowing silver altar of Zin.
  3045 | D:7      | Reached skill level 8 in Axes
  3047 | D:7      | Reached skill level 5 in Dodging
  3055 | D:7      | HP: 2/71 [orc priest/divine providence (9)]
  3056 | D:7      | Slain by an orc

Skill      XL: |  1  2  3  4  5  6  7  8 |
---------------+-------------------------+-----
Fighting       | 4 5 6 |  6.4
Axes           | 4 5 6 7 8 |  8.2
Armour         | 3 4 5 |  5.8
Dodging        | 3 4 5 |  5.0

Action                   |  1- 3 |  4- 6 |  7- 9 || total
-------------------------+-------+-------+-------++-------
Melee: Hand axe          |    82 |    56 |    74 ||   212
       Headbutt          |    12 |    15 |    20 ||    47
Invok: Berserk           |     1 |     2 |     4 ||     7
       Trog's Hand       |       |     1 |       ||     1
  Use: Potion            |       |     5 |     1 ||     6
 Stab: Sleeping          |       |     1 |       ||     1
  Eat: Chunk             |     2 |     1 |     4 ||     7
       Meat ration       |       |     1 |       ||     1
Armor: Animal skin       |    19 |     4 |    10 ||    33
Dodge: Dodged            |    50 |    32 |    64 ||   146
